 Dungeon Crawl Stone Soup version 0.30-a0-772-g5528072125 (webtiles) character file.

Game seed: 15598646297673259115

29 browni3141 the Sneak (level 3, 0/18 HPs)
             Began as a Vine Stalker Hexslinger on Feb 13, 2023.
             Succumbed to an adder's poison
             ... on level 2 of the Dungeon.
             The game lasted 00:08:40 (1007 turns).

browni3141 the Sneak (Vine Stalker Hexslinger)      Turns: 1007, Time: 00:08:40

Health: 0/18       AC:  6    Str: 12    XL:     3   Next: 16%
Magic:  3/5        EV: 10    Int: 13    God:
Gold:   53         SH:  0    Dex: 16    Spells: 3/4 levels left

rFire   . . .      SeeInvis .    b - +0 dagger
rCold   . . .      Faith    .    (no shield)
rNeg    . . .      Spirit   +    h - +0 ring mail
rPois   .          Reflect  .    (no helmet)
rElec   .          Harm     .    (no cloak)
rCorr   .          Rampage  .    (no gloves)
Will    .....                    g - +0 pair of boots
Stlth   ++                       (no amulet)
HPRegen 0.23/turn                (no ring)
MPRegen 0.09/turn                (no ring)

@: lethally poisoned (0 -> -1)
A: fangs 2, magic shield, antimagic bite, no potion heal 2
a: no special abilities


You were on level 2 of the Dungeon.
You visited 1 branch of the dungeon, and saw 2 of its levels.

You collected 53 gold pieces.

Inventory:

Hand Weapons
 a - a +1 sling
 b - a +0 dagger (weapon)
Armour
 c - a +0 robe
 e - a +0 leather armour
 g - a +0 pair of boots (worn)
 h - a +0 ring mail (worn)
Scrolls
 d - a scroll of poison
 j - a scroll of vulnerability {unknown}


   Skills:
 - Level 1.0 Fighting
 * Level 1.9 Ranged Weapons
 * Level 0.2 Armour
 - Level 1.5 Dodging
 - Level 3.1 Stealth
 - Level 1.1 Spellcasting
 + Level 3.0 Hexes


You had 3 spell levels left.
You knew the following spells:

 Your Spells              Type           Power      Damage    Failure   Level
a - Slow                  Hex            32%        N/A       19%         1

Your spell library contained the following spells:

 Spells                   Type           Power      Damage    Failure   Level
 Inner Flame              Hex/Fire       4%         N/A       71%         3
 Portal Projectile        Hex/Tloc       8%         N/A       71%         3
 Cause Fear               Hex            4%         N/A       87%         4


Dungeon Overview and Level Annotations

Branches:
Dungeon (2/15)

Altars:

Shops:
D:1 (


Innate Abilities, Weirdness & Mutations

You have extremely sharp teeth.
When hurt, damage is shared between your health and your magic reserves.
Your bite disrupts and absorbs the magic of your enemies.
Potions cannot restore your health.


Message History

You hit the adder. Your bite misses the adder.
The adder is almost dead.
* * * LOW HITPOINT WARNING * * *
You feel sick. The adder bites you but does no damage.
You closely miss the adder. Your bite misses the adder.
The adder is almost dead.
* * * LOW HITPOINT WARNING * * *
You feel sick.
The adder is no longer moving slowly.
The adder closely misses you.
You closely miss the adder. Your bite misses the adder.
The adder is almost dead.
* * * LOW HITPOINT WARNING * * *
You feel sick. The adder bites you.
* * * LOW HITPOINT WARNING * * *
Unknown command.
You aren't carrying any potions.
You aren't carrying any potions.
You aren't carrying any potions.
You aren't carrying any potions.
You aren't carrying any potions.
You aren't carrying any potions.
You hit the adder.
You kill the adder!
* * * LOW HITPOINT WARNING * * *
You feel sick.
Training target 1.0 for Fighting reached!
Your Fighting skill increases to level 1!
You have reached level 3!
Your experience leads to an increase in your attributes!
Increase (S)trength, (I)ntelligence, or (D)exterity?
You feel agile. x2
You aren't carrying any potions.
You aren't carrying any potions.
Okay, then.
Unknown command.
Casting: Slow (safe; 19% risk of failure)
Confirm with . or Enter, or press ? or * to list all spells.
Okay, then.
Unknown command.
You die...

#.#............#
#.#......#####.#
#.#.......§.§.§#
#.#.......§<#..#
##.#......§§§§§§#
.....#.#..§§§#§#
#########.........§§§§§#
..
.......>.....#.#####§)§#
#.# ##......@?.#. ..§§#
#.# #.##...#.## .#..#
#.# #.##...#.# #S ..#
#.#######.#...###. .# !.
#...............#.# .
..# #...<.........#.##.
##........#....#.# .#
...########....# # #.
#### #....#


There were no monsters in sight!

Vanquished Creatures
  An adder (D:2)
  3 ball pythons (D:1)
  A bat (D:1)
  3 endoplasms (D:1)
  A goblin (D:1)
  A hobgoblin (D:1)
  3 jackals (D:1)
  2 kobolds (D:1)
  A frilled lizard (D:1)
  A rat (D:1)
17 creatures vanquished.

Notes
Turn   | Place    | Note
-------+----------+-------------------------------------------
     0 | D:1      | browni3141 the Vine Stalker Hexslinger began the quest for
                  | the Orb.
     0 | D:1      | Reached XP level 1. HP: 9/9 MP: 3/3
    91 | D:1      | Reached skill level 1 in Stealth
   222 | D:1      | Reached XP level 2. HP: 14/14 MP: 4/4
   263 | D:1      | Found Yzitupn's Weapon Boutique.
  1007 | D:2      | Reached skill level 1 in Fighting
  1007 | D:2      | Reached XP level 3. HP: 1/18 MP: 3/5
  1007 | D:2      | Succumbed to an adder's poison

Illustrated notes

Levels and vault maps discovered:
D:1:      spicycebolla_arrival_risky_transporter, layout_loops_cross,
          serial_shops, shop
D:2:      layout_basic, grunt_decor_clamped, serial_bayou_pond_b

Skill      XL: |  1  2 |
---------------+-------+-----
Stealth        | 2 3 |  3.1
Fighting       | 1 |  1.0
Ranged Weapons | |  1.9
Armour         | |  0.2
Dodging        | |  1.5
Spellcasting   | |  1.1
Hexes          | |  3.0

Action                     || total
---------------------------++-------
  Melee: Dagger            ||    23
         Bite              ||     3
   Fire: Sling             ||    43
   Cast: Slow              ||     7
    Use: Scroll            ||     2
 Armour: Leather armour    ||     6
         Ring mail         ||    11
  Dodge: Dodged            ||    24

Table legend: (Time is in decaauts)
 A = Elapsed time spent in this place.
 B = Non-inter-level travel time spent in this place.
 C = Inter-level travel time spent in this place.
 D = Time resting spent in this place.
 E = Time spent auto-exploring this place.
 F = Levels seen in this place.
 G = Mean time per level.
                   A        B        C        D        E       F      G
               +--------+--------+--------+--------+--------+-----+--------+
         Total |   1015 |    962 |     53 |     77 |    546 |   2 |  507.5 |
       Dungeon |   1015 |    962 |     53 |     77 |    546 |   2 |  507.5 |
               +--------+--------+--------+--------+--------+-----+--------+

Top non-repeatable levels by time:
     D:1: 959 daAuts
     D:2: 55 daAuts
